| Goals | Penalties |
No Goal
|
Brenden Dillon (SEA) for Holding (Minor) at 2:42
|
1. Kraken , Nick Schmaltz 26 (Jared Spurgeon 37, Valeri Nichushkin 44) at 11:38
2. Kraken , John Tavares 21 (Viktor Arvidsson 22, Evan Rodrigues 18) at 15:09 (PP)
|
Yakov Trenin (ANH) for Interference (Minor) at 3:05 Mika Zibanejad (ANH) for Interference (Minor) at 12:13 Robert Bortuzzo (ANH) for High sticking (Minor) at 14:59
|
3. Ducks , Mika Zibanejad 41 (Zach Hyman 41, Ryan McDonagh 26) at 19:00
|
Yakov Trenin (ANH) for Hooking (Minor) at 2:02 Zach Hyman (ANH) for High sticking (Minor) at 7:12
|
|
Tristan Jarry (ANH), 28 saves from 30 shots - (0.933), L, 34-16-4, 60:00 minutes
Jake Oettinger (SEA), 24 saves from 25 shots - (0.960), W, 24-18-0, 60:00 minutes
|
|
1 - John Tavares (SEA)
2 - Jake Oettinger (SEA)
3 - Nick Schmaltz (SEA)
|
Referees : Peter MacDougall and Brian Pochmara
Linesman : Jake Davis and Libor Suchanek
|
|
| No Game Note
|
|
Level 1 -- Attendance: 6000 (100.00%) -- Ticket Income $1,008,000
Level 2 -- Attendance: 5000 (100.00%) -- Ticket Income $590,000
Level 3 -- Attendance: 3478 (86.95%) -- Ticket Income $323,454
Level 4 -- Attendance: 3000 (100.00%) -- Ticket Income $198,000
Luxury Box -- Attendance: 931 (93.10%) -- Ticket Income $234,612
Game was played at the Climate Pledge Arena.
Total Attendance: 18409 (96.89%)
Total Ticket Income: $2,354,066
Total Income: $2,354,066
|
| Team Name |
Goals |
Shots |
Shots Attemp |
Shots Blocked |
PIM |
HIT |
PP |
PK |
FO% |
| Ducks |
1 | 25 | 52 | 10 | 10 | 25 | 0 / 1 (0%) | 1 | 32% |
| Kraken |
2 | 30 | 61 | 10 | 2 | 22 | 1 / 5 (20%) | 0 | 68% |
Ducks
Kraken
Ducks
| 5 vs 5 Forward |
|---|
| Line # | Left Wing | Center | Right Wing | PHY | DF | OF | Wanted % | Time % | Time Play |
| 1 | Johnny Gaudreau | Mika Zibanejad | Zach Hyman | 1 | 2 | 2 | 40 | 39% | 19:08
|
| 2 | Yakov Trenin | Nick Suzuki | Jordan Kyrou | 1 | 2 | 2 | 30 | 30% | 14:52
|
| 3 | Noel Acciari | David Kampf | Cal Clutterbuck | 1 | 2 | 2 | 20 | 21% | 10:14
|
| 4 | Trent Frederic | Justin Danforth | Kevin Stenlund | 1 | 2 | 2 | 10 | 10% | 4:42
|
| 5 vs 5 Defense |
|---|
| Line # | Defense | Defense | | PHY | DF | OF | Wanted % | Time % | Time Play |
| 1 | Morgan Rielly | Ryan McDonagh | | 1 | 2 | 2 | 40 | 36% | 17:39
|
| 2 | Travis Sanheim | Justin Holl | | 1 | 2 | 2 | 30 | 31% | 15:02
|
| 3 | Rasmus Sandin | Robert Bortuzzo | | 1 | 2 | 2 | 20 | 30% | 14:41
|
| 4 | Morgan Rielly | Ryan McDonagh | | 1 | 2 | 2 | 10 | 3% | 1:34
|
| Power Play Forward |
|---|
| Line # | Left Wing | Center | Right Wing | PHY | DF | OF | Wanted % | Time % | Time Play |
| 1 | Johnny Gaudreau | Mika Zibanejad | Zach Hyman | 1 | 2 | 2 | 60 | 53% | 1:03
|
| 2 | Yakov Trenin | Nick Suzuki | Jordan Kyrou | 1 | 2 | 2 | 40 | 47% | 0:56
|
| Power Play Defense |
|---|
| Line # | Defense | Defense | | PHY | DF | OF | Wanted % | Time % | Time Play |
| 1 | Morgan Rielly | Ryan McDonagh | | 1 | 2 | 2 | 60 | 53% | 1:03
|
| 2 | Travis Sanheim | Rasmus Sandin | | 1 | 2 | 2 | 40 | 47% | 0:56
|
| Penalty Kill 4 Players Forward |
|---|
| Line # | Center | Wing | PHY | DF | OF | Wanted % | Time % | Time Play |
| 1 | Cal Clutterbuck | David Kampf | 1 | 2 | 2 | 60 | 73% | 5:53
|
| 2 | Yakov Trenin | Noel Acciari | 1 | 2 | 2 | 40 | 27% | 2:13
|
| Penalty Kill 4 Players Defense |
|---|
| Line # | Defense | Defense | PHY | DF | OF | Wanted % | Time % | Time Play |
| 1 | Morgan Rielly | Ryan McDonagh | 1 | 2 | 2 | 60 | 52% | 4:11
|
| 2 | Travis Sanheim | Justin Holl | 1 | 2 | 2 | 40 | 48% | 3:55
|
| Penalty Kill 3 Players |
|---|
| Line # | Wing | PHY | DF | OF | Wanted % | Time % | Time Play | Defense | Defense | PHY | DF | OF | Wanted % | Time % | Time Play |
| 1 | David Kampf | 1 | 2 | 2 | 60 | 0% | 0:00
| Morgan Rielly | Ryan McDonagh | 1 | 2 | 2 | 60 | 0% | 0:00
|
| 2 | Cal Clutterbuck | 1 | 2 | 2 | 40 | 0% | 0:00
| Travis Sanheim | Justin Holl | 1 | 2 | 2 | 40 | 0% | 0:00
|
| 4 vs 4 Forward |
|---|
| Line # | Center | Wing | PHY | DF | OF | Wanted % | Time % | Time Play |
| 1 | Mika Zibanejad | Johnny Gaudreau | 1 | 2 | 2 | 60 | 0% | 0:00
|
| 2 | Zach Hyman | Nick Suzuki | 1 | 2 | 2 | 40 | 0% | 0:00
|
| 4 vs 4 Defense |
|---|
| Line # | Defense | | PHY | DF | OF | Wanted % | Time % | Time Play |
| 1 | Morgan Rielly | Ryan McDonagh | 1 | 2 | 2 | 60 | 0% | 0:00
|
| 2 | Travis Sanheim | Justin Holl | 1 | 2 | 2 | 40 | 0% | 0:00
|
| Last Minutes Offensive |
|---|
| Left Wing | Center | Right Wing | Defense | Defense |
| Johnny Gaudreau | Mika Zibanejad | Zach Hyman | Morgan Rielly | Ryan McDonagh |
| Last Minutes Defensive |
|---|
| Left Wing | Center | Right Wing | Defense | Defense |
| Johnny Gaudreau | Mika Zibanejad | Zach Hyman | Morgan Rielly | Ryan McDonagh |
| Time |
|---|
| Total Forward | Total Defense | Last Minutes Offensive | Last Minutes Defensive |
| 60:00 |
60:00 |
0:59 | 0:00 |
| Extra Forwards |
|---|
| Normal | PowerPlay | Penalty Kill |
|
Jordan Kyrou, Mika Zibanejad, Cal Clutterbuck | Trent Frederic, David Kampf | Cal Clutterbuck |
| Extra Defensemen |
|---|
| Normal | PowerPlay | Penalty Kill |
|
Justin Holl, Robert Bortuzzo, Travis Sanheim | Justin Holl, Robert Bortuzzo | Travis Sanheim |
| Penalty Shots |
|---|
|
Mika Zibanejad, Johnny Gaudreau, Zach Hyman, Nick Suzuki, David Kampf |
| Goalie |
|---|
| Tristan Jarry, Adin Hill |
| Custom OT Lines Forwards |
|---|
|
Mika Zibanejad, Johnny Gaudreau, Zach Hyman, Nick Suzuki, Noel Acciari, Trent Frederic, Jordan Kyrou, David Kampf, Cal Clutterbuck, Yakov Trenin |
| Custom OT Lines Defensemen |
|---|
|
Morgan Rielly, Ryan McDonagh, Travis Sanheim, Robert Bortuzzo, Justin Holl |
| Scratches |
|---|
|
Artemi Panarin (Broken Nose Injury), Jonathan Toews (Healthy), Alec Martinez (Torn Left ACL Injury) |
Kraken
| 5 vs 5 Forward |
|---|
| Line # | Left Wing | Center | Right Wing | PHY | DF | OF | Wanted % | Time % | Time Play |
| 1 | Nick Schmaltz | Joel Eriksson Ek | Valeri Nichushkin | 0 | 4 | 1 | 35 | 30% | 14:48
|
| 2 | Ondrej Palat | John Tavares | Viktor Arvidsson | 0 | 1 | 4 | 35 | 30% | 14:49
|
| 3 | Phil Kessel | Lars Eller | Evan Rodrigues | 0 | 2 | 3 | 20 | 25% | 12:05
|
| 4 | Ross Colton | Derick Brassard | Jay Beagle | 0 | 3 | 2 | 10 | 15% | 7:14
|
| 5 vs 5 Defense |
|---|
| Line # | Defense | Defense | | PHY | DF | OF | Wanted % | Time % | Time Play |
| 1 | Damon Severson | Shayne Gostisbehere | | 0 | 2 | 3 | 40 | 39% | 19:06
|
| 2 | Jared Spurgeon | Brayden McNabb | | 0 | 3 | 2 | 30 | 29% | 14:25
|
| 3 | Derek Forbort | Brenden Dillon | | 0 | 3 | 2 | 20 | 22% | 10:32
|
| 4 | Derek Forbort | Brenden Dillon | | 0 | 4 | 1 | 10 | 10% | 4:53
|
| Power Play Forward |
|---|
| Line # | Left Wing | Center | Right Wing | PHY | DF | OF | Wanted % | Time % | Time Play |
| 1 | Nick Schmaltz | Joel Eriksson Ek | Valeri Nichushkin | 0 | 0 | 5 | 60 | 48% | 3:52
|
| 2 | Evan Rodrigues | John Tavares | Ondrej Palat | 0 | 0 | 5 | 40 | 52% | 4:14
|
| Power Play Defense |
|---|
| Line # | Defense | Defense | | PHY | DF | OF | Wanted % | Time % | Time Play |
| 1 | Shayne Gostisbehere | Viktor Arvidsson | | 0 | 0 | 5 | 60 | 63% | 5:04
|
| 2 | Jared Spurgeon | Phil Kessel | | 0 | 0 | 5 | 40 | 37% | 3:02
|
| Penalty Kill 4 Players Forward |
|---|
| Line # | Center | Wing | PHY | DF | OF | Wanted % | Time % | Time Play |
| 1 | Joel Eriksson Ek | Valeri Nichushkin | 0 | 5 | 0 | 60 | 56% | 1:07
|
| 2 | Lars Eller | Nick Schmaltz | 0 | 5 | 0 | 40 | 44% | 0:52
|
| Penalty Kill 4 Players Defense |
|---|
| Line # | Defense | Defense | PHY | DF | OF | Wanted % | Time % | Time Play |
| 1 | Brayden McNabb | Derek Forbort | 0 | 5 | 0 | 60 | 62% | 1:14
|
| 2 | Jared Spurgeon | Damon Severson | 0 | 5 | 0 | 40 | 38% | 0:45
|
| Penalty Kill 3 Players |
|---|
| Line # | Wing | PHY | DF | OF | Wanted % | Time % | Time Play | Defense | Defense | PHY | DF | OF | Wanted % | Time % | Time Play |
| 1 | Joel Eriksson Ek | 0 | 5 | 0 | 60 | 0% | 0:00
| Brayden McNabb | Derek Forbort | 0 | 5 | 0 | 60 | 0% | 0:00
|
| 2 | Lars Eller | 0 | 5 | 0 | 40 | 0% | 0:00
| Jared Spurgeon | Damon Severson | 0 | 5 | 0 | 40 | 0% | 0:00
|
| 4 vs 4 Forward |
|---|
| Line # | Center | Wing | PHY | DF | OF | Wanted % | Time % | Time Play |
| 1 | Joel Eriksson Ek | Valeri Nichushkin | 0 | 3 | 2 | 60 | 0% | 0:00
|
| 2 | John Tavares | Nick Schmaltz | 0 | 3 | 2 | 40 | 0% | 0:00
|
| 4 vs 4 Defense |
|---|
| Line # | Defense | | PHY | DF | OF | Wanted % | Time % | Time Play |
| 1 | Brayden McNabb | Derek Forbort | 0 | 3 | 2 | 60 | 0% | 0:00
|
| 2 | Jared Spurgeon | Damon Severson | 0 | 3 | 2 | 40 | 0% | 0:00
|
| Last Minutes Offensive |
|---|
| Left Wing | Center | Right Wing | Defense | Defense |
| Joel Eriksson Ek | John Tavares | Nick Schmaltz | Jared Spurgeon | Shayne Gostisbehere |
| Last Minutes Defensive |
|---|
| Left Wing | Center | Right Wing | Defense | Defense |
| Joel Eriksson Ek | Lars Eller | Valeri Nichushkin | Brayden McNabb | Derek Forbort |
| Time |
|---|
| Total Forward | Total Defense | Last Minutes Offensive | Last Minutes Defensive |
| 60:00 |
60:00 |
0:00 | 0:59 |
| Extra Forwards |
|---|
| Normal | PowerPlay | Penalty Kill |
|
John Tavares, Joel Eriksson Ek, Valeri Nichushkin | John Tavares, Joel Eriksson Ek | Joel Eriksson Ek |
| Extra Defensemen |
|---|
| Normal | PowerPlay | Penalty Kill |
|
Damon Severson, Shayne Gostisbehere, Jared Spurgeon | Shayne Gostisbehere, Brayden McNabb | Derek Forbort |
| Penalty Shots |
|---|
|
John Tavares, Joel Eriksson Ek, Nick Schmaltz, Valeri Nichushkin, Viktor Arvidsson |
| Goalie |
|---|
| Jake Oettinger, Kevin Lankinen |
| Custom OT Lines Forwards |
|---|
|
John Tavares, Joel Eriksson Ek, Valeri Nichushkin, Nick Schmaltz, Viktor Arvidsson, Ondrej Palat, Evan Rodrigues, Phil Kessel, Lars Eller, Ross Colton |
| Custom OT Lines Defensemen |
|---|
|
Damon Severson, Shayne Gostisbehere, Jared Spurgeon, Brayden McNabb, Derek Forbort |
| Scratches |
|---|
|
Patric Hornqvist (Left Wrist Injury), Brad Richardson (Healthy), Kris Russell (Healthy), Braden Holtby (Healthy) |
Play-by-Play
1st period
0:01 of 1st period - Joel Eriksson Ek wins face-off versus Mika Zibanejad in neutral zone.
0:24 of 1st period - Shot by Nick Schmaltz.
0:24 of 1st period - Stopped by Tristan Jarry without a rebound.
0:25 of 1st period - John Tavares wins face-off versus Nick Suzuki in Ducks zone.
1:05 of 1st period - Shot by Jordan Kyrou.
1:05 of 1st period - Stopped by Jake Oettinger with a rebound.
1:25 of 1st period - Shot by Lars Eller.
1:25 of 1st period - Stopped by Tristan Jarry with a rebound.
1:29 of 1st period - Shot by Phil Kessel.
1:29 of 1st period - Stopped by Tristan Jarry without a rebound.
1:30 of 1st period - Derick Brassard wins face-off versus Mika Zibanejad in Ducks zone.
2:05 of 1st period - Shot by Mika Zibanejad.
2:05 of 1st period - Shot Blocked by Damon Severson.
2:30 of 1st period - Icing by Robert Bortuzzo.
2:31 of 1st period - Joel Eriksson Ek wins face-off versus Justin Danforth in Ducks zone.
2:38 of 1st period - Nick Schmaltz is hit by Kevin Stenlund and loses puck.
2:42 of 1st period - Minor Penalty to Brenden Dillon for Holding.
2:43 of 1st period - Joel Eriksson Ek wins face-off versus Nick Suzuki in Kraken zone.
3:00 of 1st period - Shot by Travis Sanheim.
3:00 of 1st period - Shot Blocked by Brayden McNabb.
3:02 of 1st period - Shot by Jordan Kyrou.
3:02 of 1st period - Stopped by Jake Oettinger with a rebound.
3:04 of 1st period - Shot by Travis Sanheim.
3:04 of 1st period - Stopped by Jake Oettinger without a rebound.
3:05 of 1st period - Mika Zibanejad wins face-off versus Joel Eriksson Ek in Kraken zone.
3:25 of 1st period - Mika Zibanejad is hit by Brayden McNabb and loses puck.
3:59 of 1st period - Shot by Valeri Nichushkin.
3:59 of 1st period - Stopped by Tristan Jarry without a rebound.
4:00 of 1st period - Lars Eller wins face-off versus Nick Suzuki in Ducks zone.
4:29 of 1st period - Shot by Nick Suzuki.
4:29 of 1st period - Shot Blocked by Derek Forbort.
4:31 of 1st period - Shot by Yakov Trenin.
4:31 of 1st period - Shot Misses the Net.
4:33 of 1st period - Shot by Yakov Trenin.
4:33 of 1st period - Stopped by Jake Oettinger without a rebound.
4:34 of 1st period - Joel Eriksson Ek wins face-off versus Johnny Gaudreau in Kraken zone.
4:40 of 1st period - Icing by Ryan McDonagh.
4:41 of 1st period - Joel Eriksson Ek wins face-off versus Johnny Gaudreau in Ducks zone.
4:44 of 1st period - Shot by Viktor Arvidsson.
4:44 of 1st period - Shot Misses the Net.
4:57 of 1st period - Icing by Shayne Gostisbehere.
4:58 of 1st period - John Tavares wins face-off versus Nick Suzuki in Kraken zone.
5:22 of 1st period - Morgan Rielly is hit by John Tavares and loses puck.
6:03 of 1st period - Shot by Nick Schmaltz.
6:03 of 1st period - Stopped by Tristan Jarry without a rebound.
6:04 of 1st period - David Kampf wins face-off versus Lars Eller in Ducks zone.
6:19 of 1st period - Shot by Lars Eller.
6:19 of 1st period - Stopped by Tristan Jarry without a rebound.
6:20 of 1st period - Joel Eriksson Ek wins face-off versus Mika Zibanejad in Ducks zone.
6:21 of 1st period - Shot by Valeri Nichushkin.
6:21 of 1st period - Stopped by Tristan Jarry with a rebound.
6:33 of 1st period - Shot by Nick Schmaltz.
6:33 of 1st period - Stopped by Tristan Jarry with a rebound.
6:59 of 1st period - Icing by Johnny Gaudreau.
7:00 of 1st period - Lars Eller wins face-off versus Mika Zibanejad in Ducks zone.
7:00 of 1st period - Phil Kessel is hit by Justin Holl and loses puck.
7:10 of 1st period - Mika Zibanejad is hit by Derek Forbort and loses puck.
7:32 of 1st period - Nick Suzuki is hit by Brenden Dillon and loses puck.
7:41 of 1st period - Shot by Yakov Trenin.
7:41 of 1st period - Stopped by Jake Oettinger without a rebound.
7:42 of 1st period - David Kampf wins face-off versus John Tavares in Kraken zone.
7:46 of 1st period - Icing by Shayne Gostisbehere.
7:47 of 1st period - David Kampf wins face-off versus Viktor Arvidsson in Kraken zone.
7:54 of 1st period - Icing by Damon Severson.
7:55 of 1st period - John Tavares wins face-off versus Nick Suzuki in Kraken zone.
8:57 of 1st period - Icing by Shayne Gostisbehere.
8:58 of 1st period - John Tavares wins face-off versus David Kampf in Kraken zone.
8:58 of 1st period - John Tavares is hit by Cal Clutterbuck.
9:18 of 1st period - Damon Severson is hit by Cal Clutterbuck.
9:19 of 1st period - Icing by Damon Severson.
9:20 of 1st period - Mika Zibanejad wins face-off versus John Tavares in Kraken zone.
9:22 of 1st period - Johnny Gaudreau is hit by Damon Severson and loses puck.
10:11 of 1st period - Icing by Robert Bortuzzo.
10:12 of 1st period - Lars Eller wins face-off versus Mika Zibanejad in Ducks zone.
10:15 of 1st period - Shot by Lars Eller.
10:15 of 1st period - Shot Hit the Post.
10:17 of 1st period - Shot by Jared Spurgeon.
10:17 of 1st period - Shot Blocked by Robert Bortuzzo.
10:34 of 1st period - Off-side.
10:35 of 1st period - Joel Eriksson Ek wins face-off versus David Kampf in neutral zone.
12:24 of 1st period - Icing by Shayne Gostisbehere.
12:25 of 1st period - Nick Suzuki wins face-off versus Derick Brassard in Kraken zone.
12:28 of 1st period - Shot by Nick Suzuki.
12:28 of 1st period - Shot Blocked by Damon Severson.
12:35 of 1st period - Jordan Kyrou is hit by Shayne Gostisbehere and loses puck.
12:48 of 1st period - Shot by Jordan Kyrou.
12:48 of 1st period - Shot Misses the Net.
13:02 of 1st period - Shot by Jordan Kyrou.
13:02 of 1st period - Shot Misses the Net.
13:17 of 1st period - Icing by Robert Bortuzzo.
13:18 of 1st period - Joel Eriksson Ek wins face-off versus Mika Zibanejad in Ducks zone.
13:41 of 1st period - Shot by Valeri Nichushkin.
13:41 of 1st period - Shot Misses the Net.
13:55 of 1st period - Shot by Mika Zibanejad.
13:55 of 1st period - Shot Hit the Post.
15:05 of 1st period - Icing by John Tavares.
15:06 of 1st period - John Tavares wins face-off versus Nick Suzuki in Kraken zone.
15:30 of 1st period - Icing by John Tavares.
15:31 of 1st period - Mika Zibanejad wins face-off versus John Tavares in Kraken zone.
15:56 of 1st period - Shot by Johnny Gaudreau.
15:56 of 1st period - Shot Hit the Post.
15:58 of 1st period - Shot by Johnny Gaudreau.
15:58 of 1st period - Shot Misses the Net.
16:00 of 1st period - Shot by Johnny Gaudreau.
16:00 of 1st period - Stopped by Jake Oettinger with a rebound.
16:02 of 1st period - Shot by Mika Zibanejad.
16:02 of 1st period - Stopped by Jake Oettinger without a rebound.
16:03 of 1st period - Nick Suzuki wins face-off versus Derick Brassard in Kraken zone.
16:09 of 1st period - Icing by Ross Colton.
16:10 of 1st period - Derick Brassard wins face-off versus Nick Suzuki in Kraken zone.
16:10 of 1st period - Derick Brassard is hit by Nick Suzuki.
16:48 of 1st period - Shot by Ryan McDonagh.
16:48 of 1st period - Shot Blocked by Damon Severson.
17:04 of 1st period - Icing by Travis Sanheim.
17:05 of 1st period - Mika Zibanejad wins face-off versus Joel Eriksson Ek in Ducks zone.
17:05 of 1st period - Mika Zibanejad is hit by Joel Eriksson Ek.
17:20 of 1st period - Shot by Nick Schmaltz.
17:20 of 1st period - Shot Misses the Net.
17:38 of 1st period - Shot by Valeri Nichushkin.
17:38 of 1st period - Shot Misses the Net.
18:02 of 1st period - Icing by Cal Clutterbuck.
18:03 of 1st period - John Tavares wins face-off versus David Kampf in Ducks zone.
18:04 of 1st period - Shot by Ondrej Palat.
18:04 of 1st period - Stopped by Tristan Jarry without a rebound.
18:05 of 1st period - John Tavares wins face-off versus Nick Suzuki in Ducks zone.
18:12 of 1st period - Ondrej Palat is hit by Nick Suzuki and loses puck.
18:29 of 1st period - Shot by Jordan Kyrou.
18:29 of 1st period - Shot Hit the Post.
19:34 of 1st period - Off-side.
19:35 of 1st period - Joel Eriksson Ek wins face-off versus Mika Zibanejad in neutral zone.
19:43 of 1st period - Brenden Dillon is hit by Mika Zibanejad and loses puck.
19:54 of 1st period - Shot by Johnny Gaudreau.
19:54 of 1st period - Stopped by Jake Oettinger without a rebound.
19:55 of 1st period - David Kampf wins face-off versus Derick Brassard in Kraken zone.
19:55 of 1st period - David Kampf is hit by Shayne Gostisbehere.
Goals for this period are 0 for Ducks vs 0 for Kraken.
Shots for this period are 8 for Ducks vs 9 for Kraken.
2nd period
0:01 of 2nd period - Joel Eriksson Ek wins face-off versus Mika Zibanejad in neutral zone.
0:11 of 2nd period - Mika Zibanejad is hit by Brayden McNabb and loses puck.
0:20 of 2nd period - Shot by Joel Eriksson Ek.
0:20 of 2nd period - Shot Misses the Net.
0:34 of 2nd period - Shot by Joel Eriksson Ek.
0:34 of 2nd period - Stopped by Tristan Jarry without a rebound.
0:35 of 2nd period - John Tavares wins face-off versus Nick Suzuki in Ducks zone.
0:46 of 2nd period - Viktor Arvidsson is hit by Nick Suzuki and loses puck.
0:51 of 2nd period - Shot by Nick Suzuki.
0:51 of 2nd period - Stopped by Jake Oettinger without a rebound.
0:52 of 2nd period - Lars Eller wins face-off versus David Kampf in Kraken zone.
1:05 of 2nd period - Shot by Lars Eller.
1:05 of 2nd period - Shot Misses the Net.
1:46 of 2nd period - Icing by Robert Bortuzzo.
1:47 of 2nd period - David Kampf wins face-off versus Viktor Arvidsson in Ducks zone.
1:52 of 2nd period - Damon Severson is hit by Cal Clutterbuck and loses puck.
2:13 of 2nd period - Shot by Viktor Arvidsson.
2:13 of 2nd period - Stopped by Tristan Jarry without a rebound.
2:14 of 2nd period - Nick Suzuki wins face-off versus Nick Schmaltz in Ducks zone.
2:35 of 2nd period - Icing by Valeri Nichushkin.
2:36 of 2nd period - Joel Eriksson Ek wins face-off versus Mika Zibanejad in Kraken zone.
2:56 of 2nd period - Shot by Zach Hyman.
2:56 of 2nd period - Stopped by Jake Oettinger without a rebound.
2:57 of 2nd period - Nick Suzuki wins face-off versus John Tavares in Kraken zone.
3:05 of 2nd period - Minor Penalty to Yakov Trenin for Interference.
3:06 of 2nd period - John Tavares wins face-off versus Cal Clutterbuck in Ducks zone.
3:37 of 2nd period - Icing by Shayne Gostisbehere.
3:38 of 2nd period - Cal Clutterbuck wins face-off versus Ondrej Palat in Kraken zone.
4:09 of 2nd period - Morgan Rielly is hit by Joel Eriksson Ek.
4:57 of 2nd period - Shot by Shayne Gostisbehere.
4:57 of 2nd period - Shot Misses the Net.
5:06 of 2nd period - Icing by Shayne Gostisbehere.
5:07 of 2nd period - Mika Zibanejad wins face-off versus Derick Brassard in Kraken zone.
5:13 of 2nd period - Shot by Mika Zibanejad.
5:13 of 2nd period - Shot Misses the Net.
5:37 of 2nd period - Shot by Johnny Gaudreau.
5:37 of 2nd period - Shot Hit the Post.
5:43 of 2nd period - Shot by Mika Zibanejad.
5:43 of 2nd period - Shot Misses the Net.
6:15 of 2nd period - Shot by Damon Severson.
6:15 of 2nd period - Stopped by Tristan Jarry without a rebound.
6:16 of 2nd period - John Tavares wins face-off versus Nick Suzuki in Ducks zone.
6:53 of 2nd period - Icing by Nick Suzuki.
6:54 of 2nd period - Nick Suzuki wins face-off versus Joel Eriksson Ek in Ducks zone.
7:06 of 2nd period - Joel Eriksson Ek is hit by Ryan McDonagh and loses puck.
8:11 of 2nd period - Shot by David Kampf.
8:11 of 2nd period - Shot Misses the Net.
8:23 of 2nd period - Shot by Johnny Gaudreau.
8:23 of 2nd period - Stopped by Jake Oettinger with a rebound.
8:25 of 2nd period - Shot by Zach Hyman.
8:25 of 2nd period - Shot Blocked by Brenden Dillon.
8:38 of 2nd period - Shot by Johnny Gaudreau.
8:38 of 2nd period - Shot Hit the Post.
8:44 of 2nd period - Shot by Mika Zibanejad.
8:44 of 2nd period - Shot Misses the Net.
9:24 of 2nd period - Shot by Justin Danforth.
9:24 of 2nd period - Stopped by Jake Oettinger with a rebound.
9:26 of 2nd period - Shot by Ryan McDonagh.
9:26 of 2nd period - Stopped by Jake Oettinger with a rebound.
10:27 of 2nd period - Jordan Kyrou is hit by Brenden Dillon and loses puck.
10:32 of 2nd period - Shot by Nick Suzuki.
10:32 of 2nd period - Shot Blocked by Phil Kessel.
10:44 of 2nd period - Shot by Mika Zibanejad.
10:44 of 2nd period - Stopped by Jake Oettinger without a rebound.
10:45 of 2nd period - John Tavares wins face-off versus Mika Zibanejad in Kraken zone.
10:59 of 2nd period - Justin Holl is hit by John Tavares and loses puck.
11:06 of 2nd period - Shot by Ondrej Palat.
11:06 of 2nd period - Stopped by Tristan Jarry without a rebound.
11:07 of 2nd period - Nick Schmaltz wins face-off versus Justin Danforth in Ducks zone.
11:36 of 2nd period - Shot by Nick Schmaltz.
11:36 of 2nd period - Shot Misses the Net.
11:38 of 2nd period - Shot by Nick Schmaltz.
11:38 of 2nd period - Goal by Nick Schmaltz - Ducks : 0 - Kraken : 1.
11:39 of 2nd period - John Tavares wins face-off versus Mika Zibanejad in neutral zone.
11:47 of 2nd period - Off-side.
11:48 of 2nd period - John Tavares wins face-off versus Mika Zibanejad in neutral zone.
11:48 of 2nd period - John Tavares is hit by Zach Hyman.
12:13 of 2nd period - Minor Penalty to Mika Zibanejad for Interference.
12:14 of 2nd period - Joel Eriksson Ek wins face-off versus Cal Clutterbuck in Ducks zone.
12:52 of 2nd period - Icing by Joel Eriksson Ek.
12:53 of 2nd period - Joel Eriksson Ek wins face-off versus Cal Clutterbuck in Kraken zone.
13:08 of 2nd period - Shot by Jared Spurgeon.
13:08 of 2nd period - Shot Misses the Net.
13:10 of 2nd period - Shot by John Tavares.
13:10 of 2nd period - Shot Misses the Net.
14:15 of 2nd period - Icing by Robert Bortuzzo.
14:16 of 2nd period - Justin Danforth wins face-off versus Derick Brassard in Ducks zone.
14:35 of 2nd period - Shot by Ross Colton.
14:35 of 2nd period - Shot Misses the Net.
14:37 of 2nd period - Shot by Jay Beagle.
14:37 of 2nd period - Stopped by Tristan Jarry with a rebound.
14:59 of 2nd period - Minor Penalty to Robert Bortuzzo for High sticking.
15:00 of 2nd period - John Tavares wins face-off versus Cal Clutterbuck in Ducks zone.
15:05 of 2nd period - Shot by Evan Rodrigues.
15:05 of 2nd period - Shot Blocked by Ryan McDonagh.
15:07 of 2nd period - Shot by Viktor Arvidsson.
15:07 of 2nd period - Shot Blocked by Cal Clutterbuck.
15:09 of 2nd period - Shot by John Tavares.
15:09 of 2nd period - Goal by John Tavares - Ducks : 0 - Kraken : 2.
15:10 of 2nd period - Joel Eriksson Ek wins face-off versus Mika Zibanejad in neutral zone.
15:26 of 2nd period - Off-side.
15:27 of 2nd period - Evan Rodrigues wins face-off versus Nick Suzuki in neutral zone.
15:50 of 2nd period - Icing by Phil Kessel.
15:51 of 2nd period - Mika Zibanejad wins face-off versus Lars Eller in Kraken zone.
15:54 of 2nd period - Shot by Mika Zibanejad.
15:54 of 2nd period - Shot Blocked by Shayne Gostisbehere.
16:14 of 2nd period - Shot by Zach Hyman.
16:14 of 2nd period - Stopped by Jake Oettinger without a rebound.
16:15 of 2nd period - John Tavares wins face-off versus Nick Suzuki in Kraken zone.
16:26 of 2nd period - Shot by Viktor Arvidsson.
16:26 of 2nd period - Stopped by Tristan Jarry without a rebound.
16:27 of 2nd period - Joel Eriksson Ek wins face-off versus David Kampf in Ducks zone.
16:34 of 2nd period - Shot by Valeri Nichushkin.
16:34 of 2nd period - Stopped by Tristan Jarry without a rebound.
16:35 of 2nd period - John Tavares wins face-off versus Zach Hyman in Ducks zone.
16:56 of 2nd period - Shot by Johnny Gaudreau.
16:56 of 2nd period - Stopped by Jake Oettinger without a rebound.
16:57 of 2nd period - Joel Eriksson Ek wins face-off versus Nick Suzuki in Kraken zone.
17:16 of 2nd period - Shot by Shayne Gostisbehere.
17:16 of 2nd period - Shot Misses the Net.
17:27 of 2nd period - Jordan Kyrou is hit by Shayne Gostisbehere and loses puck.
17:36 of 2nd period - Nick Suzuki is hit by Joel Eriksson Ek and loses puck.
17:53 of 2nd period - Shot by Ondrej Palat.
17:53 of 2nd period - Stopped by Tristan Jarry with a rebound.
18:25 of 2nd period - Shot by Ondrej Palat.
18:25 of 2nd period - Stopped by Tristan Jarry without a rebound.
18:26 of 2nd period - Lars Eller wins face-off versus Mika Zibanejad in Ducks zone.
18:28 of 2nd period - Phil Kessel is hit by Ryan McDonagh and loses puck.
19:12 of 2nd period - Evan Rodrigues is hit by Ryan McDonagh and loses puck.
19:35 of 2nd period - Shot by Valeri Nichushkin.
19:35 of 2nd period - Shot Misses the Net.
19:37 of 2nd period - Shot by Valeri Nichushkin.
19:37 of 2nd period - Deflect By Joel Eriksson Ek.
19:37 of 2nd period - Shot Misses the Net.
19:49 of 2nd period - Shot by Joel Eriksson Ek.
19:49 of 2nd period - Shot Misses the Net.
19:51 of 2nd period - Shot by Nick Schmaltz.
19:51 of 2nd period - Shot Misses the Net.
19:53 of 2nd period - Shot by Valeri Nichushkin.
19:53 of 2nd period - Stopped by Tristan Jarry without a rebound.
19:54 of 2nd period - David Kampf wins face-off versus John Tavares in Ducks zone.
19:54 of 2nd period - David Kampf is hit by John Tavares.
Goals for this period are 0 for Ducks vs 2 for Kraken.
Shots for this period are 8 for Ducks vs 12 for Kraken.
3rd period
0:01 of 3rd period - John Tavares wins face-off versus Mika Zibanejad in neutral zone.
0:16 of 3rd period - Icing by Shayne Gostisbehere.
0:17 of 3rd period - John Tavares wins face-off versus Cal Clutterbuck in Kraken zone.
0:17 of 3rd period - John Tavares is hit by Cal Clutterbuck.
0:27 of 3rd period - Shayne Gostisbehere is hit by Cal Clutterbuck and loses puck.
1:07 of 3rd period - Icing by Shayne Gostisbehere.
1:08 of 3rd period - Ondrej Palat wins face-off versus Mika Zibanejad in Kraken zone.
1:16 of 3rd period - Icing by John Tavares.
1:17 of 3rd period - John Tavares wins face-off versus Nick Suzuki in Kraken zone.
1:33 of 3rd period - Nick Schmaltz is hit by Ryan McDonagh.
1:44 of 3rd period - Nick Schmaltz is hit by Morgan Rielly and loses puck.
1:53 of 3rd period - Shot by Valeri Nichushkin.
1:53 of 3rd period - Shot Blocked by Ryan McDonagh.
1:55 of 3rd period - Shot by Valeri Nichushkin.
1:55 of 3rd period - Shot Blocked by Yakov Trenin.
1:58 of 3rd period - Joel Eriksson Ek is hit by Morgan Rielly and loses puck.
2:02 of 3rd period - Minor Penalty to Yakov Trenin for Hooking.
2:03 of 3rd period - Joel Eriksson Ek wins face-off versus Cal Clutterbuck in Ducks zone.
2:14 of 3rd period - Shot by Nick Schmaltz.
2:14 of 3rd period - Stopped by Tristan Jarry without a rebound.
2:15 of 3rd period - John Tavares wins face-off versus Cal Clutterbuck in Ducks zone.
2:16 of 3rd period - Shot by Evan Rodrigues.
2:16 of 3rd period - Shot Blocked by Justin Holl.
2:42 of 3rd period - Shot by Shayne Gostisbehere.
2:42 of 3rd period - Shot Misses the Net.
2:44 of 3rd period - Shot by Evan Rodrigues.
2:44 of 3rd period - Deflect By Ondrej Palat.
2:44 of 3rd period - Stopped by Tristan Jarry without a rebound.
2:45 of 3rd period - Joel Eriksson Ek wins face-off versus Cal Clutterbuck in Ducks zone.
3:06 of 3rd period - Shot by Nick Schmaltz.
3:06 of 3rd period - Shot Blocked by Ryan McDonagh.
3:08 of 3rd period - Shot by Phil Kessel.
3:08 of 3rd period - Shot Blocked by Morgan Rielly.
3:10 of 3rd period - Shot by Joel Eriksson Ek.
3:10 of 3rd period - Shot Blocked by Ryan McDonagh.
3:12 of 3rd period - Shot by Phil Kessel.
3:12 of 3rd period - Stopped by Tristan Jarry without a rebound.
3:13 of 3rd period - Nick Suzuki wins face-off versus John Tavares in Ducks zone.
3:26 of 3rd period - Travis Sanheim is hit by John Tavares and loses puck.
4:07 of 3rd period - Shot by Shayne Gostisbehere.
4:07 of 3rd period - Shot Blocked by Robert Bortuzzo.
4:13 of 3rd period - Jay Beagle is hit by Johnny Gaudreau and loses puck.
4:18 of 3rd period - Shot by Mika Zibanejad.
4:18 of 3rd period - Stopped by Jake Oettinger with a rebound.
4:20 of 3rd period - Shot by Mika Zibanejad.
4:20 of 3rd period - Shot Misses the Net.
4:22 of 3rd period - Shot by Mika Zibanejad.
4:22 of 3rd period - Stopped by Jake Oettinger with a rebound.
4:42 of 3rd period - Derek Forbort is hit by Mika Zibanejad.
4:59 of 3rd period - Icing by Brenden Dillon.
5:00 of 3rd period - Derick Brassard wins face-off versus Yakov Trenin in Kraken zone.
5:02 of 3rd period - Icing by Jay Beagle.
5:03 of 3rd period - Derick Brassard wins face-off versus Nick Suzuki in Kraken zone.
5:03 of 3rd period - Derick Brassard is hit by Yakov Trenin.
5:43 of 3rd period - Shot by Nick Schmaltz.
5:43 of 3rd period - Deflect By Valeri Nichushkin.
5:43 of 3rd period - Stopped by Tristan Jarry without a rebound.
5:44 of 3rd period - Lars Eller wins face-off versus Cal Clutterbuck in Ducks zone.
5:45 of 3rd period - Shot by Phil Kessel.
5:45 of 3rd period - Deflect By Evan Rodrigues.
5:45 of 3rd period - Shot Misses the Net.
6:00 of 3rd period - David Kampf is hit by Lars Eller.
6:07 of 3rd period - David Kampf is hit by Damon Severson and loses puck.
6:31 of 3rd period - Icing by Shayne Gostisbehere.
6:32 of 3rd period - Lars Eller wins face-off versus Mika Zibanejad in Kraken zone.
6:56 of 3rd period - Shot by Mika Zibanejad.
6:56 of 3rd period - Stopped by Jake Oettinger without a rebound.
6:57 of 3rd period - Joel Eriksson Ek wins face-off versus Nick Suzuki in Kraken zone.
7:11 of 3rd period - Shot by Nick Suzuki.
7:11 of 3rd period - Stopped by Jake Oettinger without a rebound.
7:12 of 3rd period - John Tavares wins face-off versus Mika Zibanejad in Kraken zone.
7:12 of 3rd period - Minor Penalty to Zach Hyman for High sticking.
7:13 of 3rd period - Joel Eriksson Ek wins face-off versus Cal Clutterbuck in Ducks zone.
8:30 of 3rd period - John Tavares is hit by Justin Holl and loses puck.
9:12 of 3rd period - Joel Eriksson Ek is hit by Robert Bortuzzo and loses puck.
9:19 of 3rd period - Shot by Ross Colton.
9:19 of 3rd period - Shot Misses the Net.
9:41 of 3rd period - Shot by Zach Hyman.
9:41 of 3rd period - Shot Misses the Net.
10:20 of 3rd period - Icing by Jared Spurgeon.
10:21 of 3rd period - Justin Danforth wins face-off versus Lars Eller in Kraken zone.
10:24 of 3rd period - Shot by Justin Danforth.
10:24 of 3rd period - Shot Blocked by Jared Spurgeon.
10:50 of 3rd period - Shot by Justin Danforth.
10:50 of 3rd period - Stopped by Jake Oettinger without a rebound.
10:51 of 3rd period - Nick Suzuki wins face-off versus Joel Eriksson Ek in Kraken zone.
10:51 of 3rd period - Yakov Trenin is hit by Damon Severson and loses puck.
11:24 of 3rd period - Shot by Nick Schmaltz.
11:24 of 3rd period - Stopped by Tristan Jarry without a rebound.
11:25 of 3rd period - John Tavares wins face-off versus David Kampf in Ducks zone.
12:13 of 3rd period - Shot by Johnny Gaudreau.
12:13 of 3rd period - Stopped by Jake Oettinger without a rebound.
12:14 of 3rd period - Mika Zibanejad wins face-off versus Joel Eriksson Ek in Kraken zone.
12:23 of 3rd period - Shot by Johnny Gaudreau.
12:23 of 3rd period - Shot Blocked by Nick Schmaltz.
12:37 of 3rd period - Shot by Nick Schmaltz.
12:37 of 3rd period - Stopped by Tristan Jarry without a rebound.
12:38 of 3rd period - Lars Eller wins face-off versus Nick Suzuki in Ducks zone.
13:32 of 3rd period - Off-side.
13:33 of 3rd period - John Tavares wins face-off versus Mika Zibanejad in neutral zone.
13:38 of 3rd period - Shot by Ondrej Palat.
13:38 of 3rd period - Stopped by Tristan Jarry with a rebound.
14:42 of 3rd period - Shot by Nick Schmaltz.
14:42 of 3rd period - Shot Misses the Net.
14:44 of 3rd period - Shot by Nick Schmaltz.
14:44 of 3rd period - Stopped by Tristan Jarry without a rebound.
14:45 of 3rd period - David Kampf wins face-off versus Derick Brassard in Ducks zone.
14:54 of 3rd period - Brayden McNabb is hit by David Kampf and loses puck.
15:42 of 3rd period - Icing by Rasmus Sandin.
15:43 of 3rd period - Nick Suzuki wins face-off versus Lars Eller in Ducks zone.
15:43 of 3rd period - Nick Suzuki is hit by Evan Rodrigues.
16:07 of 3rd period - Shot by Jordan Kyrou.
16:07 of 3rd period - Shot Misses the Net.
16:17 of 3rd period - Shot by Nick Suzuki.
16:17 of 3rd period - Shot Misses the Net.
16:30 of 3rd period - Icing by Rasmus Sandin.
16:31 of 3rd period - John Tavares wins face-off versus Nick Suzuki in Ducks zone.
16:50 of 3rd period - Off-side.
16:51 of 3rd period - Mika Zibanejad wins face-off versus Joel Eriksson Ek in neutral zone.
17:13 of 3rd period - Shot by Nick Schmaltz.
17:13 of 3rd period - Stopped by Tristan Jarry without a rebound.
17:14 of 3rd period - John Tavares wins face-off versus David Kampf in Ducks zone.
17:35 of 3rd period - Icing by Justin Holl.
17:36 of 3rd period - David Kampf wins face-off versus Joel Eriksson Ek in Ducks zone.
17:36 of 3rd period - David Kampf is hit by Joel Eriksson Ek.
17:52 of 3rd period - Icing by David Kampf.
17:53 of 3rd period - Viktor Arvidsson wins face-off versus David Kampf in Ducks zone.
18:32 of 3rd period - Shot by Zach Hyman.
18:32 of 3rd period - Deflect By Johnny Gaudreau.
18:32 of 3rd period - Stopped by Jake Oettinger without a rebound.
18:33 of 3rd period - Nick Suzuki wins face-off versus Valeri Nichushkin in Kraken zone.
18:36 of 3rd period - Shot by Yakov Trenin.
18:36 of 3rd period - Stopped by Jake Oettinger without a rebound.
18:37 of 3rd period - Mika Zibanejad wins face-off versus Joel Eriksson Ek in Kraken zone.
19:00 of 3rd period - Shot by Mika Zibanejad.
19:00 of 3rd period - Goal by Mika Zibanejad - Ducks : 1 - Kraken : 2.
19:01 of 3rd period - Valeri Nichushkin wins face-off versus Zach Hyman in neutral zone.
19:04 of 3rd period - Morgan Rielly is hit by Valeri Nichushkin and loses puck.
19:41 of 3rd period - Joel Eriksson Ek is hit by Zach Hyman and loses puck.
19:53 of 3rd period - Icing by Derek Forbort.
19:54 of 3rd period - Lars Eller wins face-off versus Jordan Kyrou in Kraken zone.
Goals for this period are 1 for Ducks vs 0 for Kraken.
Shots for this period are 9 for Ducks vs 9 for Kraken.